Cogmind - Beta 14 @@@ ROGUE MODE // 2024.11.14 @ 20:36:23 Player: MarKhan Result: Destroyed by YI-UF0 with YI-UF0's Doublenader Performance ------------- Evolutions (0) 0 Regions Visited (4) 800 Robots Destroyed (35) 175 Value Destroyed (424) 424 Prototype IDs (26) 520 Alien Tech Used (0) 0 Bonus (308) 308 TOTAL SCORE: 2227 Bonus ------- High Alert Combat Kills 8 Aligned with FarCom 300 Cogmind --------- Core Integrity 0/250 Matter 300/300 Energy 125/125 System Corruption 0% Temperature Cool (0) Movement Core (50) Location -9/Mines Parts ------- > --- POWER (1) -------- Light Ion Engine > --- PROPULSION (2) --- (None) > --- UTILITY (2) ------ Weight Redist. System Utility Shielding > --- WEAPON (2) ------- Makeshift Sword > --- INVENTORY (5) ---- Seismic Detector Hacking Suite Hacking Suite Splice Drone Bay (6/6) Grenade Launcher Peak State ------------ > --- POWER ------------ Light Ion Engine > --- PROPULSION ------- (None) > --- UTILITY ---------- Weight Redist. System Splice Drone Bay > --- WEAPON ----------- EM Pulse Gun Assault Rifle > --- INVENTORY -------- Visual Processing Unit Utility Shielding Hacking Suite Hacking Suite Grenade Launcher [Rating: 13] Favorites ----------- Power Light Ion Engine Engine Light Ion Engine Propulsion None Utility Weight Redist. System Device Weight Redist. System Protection Utility Shielding Weapon EM Pulse Gun Energy Gun EM Pulse Gun Ballistic Gun Assault Rifle Launcher Grenade Launcher Slashing Weapon Makeshift Sword Build | -11 -10 -10 -10 -9 ------- Run | Yrd Mat Min Exi Min Slots Evolved . | . . . . . Power . | . . . . . Propulsion . | . . . . . Utility . | . . . . . Weapon . | . . . . . Parts Attached 32 | 4 16 11 . 1 Power 5 | . 3 2 . . Engine 5 | . 3 2 . . Core . | . . . . . Reactor . | . . . . . Propulsion . | . . . . . Treads . | . . . . . Leg . | . . . . . Wheel . | . . . . . Hover . | . . . . . Flight . | . . . . . Utility 19 | 2 10 6 . 1 Device 12 | 2 6 4 . . Storage . | . . . . . Processor . | . . . . . Hackware . | . . . . . Protection 7 | . 4 2 . 1 Artifact . | . . . . . Weapon 8 | 2 3 3 . . Energy Gun 2 | 1 1 . . . Energy Cannon . | . . . . . Ballistic Gun 2 | 1 1 . . . Ballistic Cannon . | . . . . . Launcher 2 | . 1 1 . . Special Weapon . | . . . . . Impact Weapon . | . . . . . Slashing Weapon 2 | . . 2 . . Piercing Weapon . | . . . . . Special Melee Weapon . | . . . . . Unidentified Prototypes 1 | . . 1 . . Parts Lost 2 | . . 1 . 1 Power 1 | . . 1 . . Propulsion . | . . . . . Utility . | . . . . . Weapon 1 | . . . . 1 Highest Loss Streak 1 | . . 1 . 1 To Critical Strikes . | . . . . . Average Slot Usage (%) 70 | . 69 70 71 71 Engine 13 | . 13 13 14 14 Device 25 | . 26 23 28 16 Protection 2 | . 1 4 . 11 Energy Gun 9 | . 12 3 . . Ballistic Gun 14 | . 14 14 14 14 Launcher 1 | . 1 . . . Slashing Weapon 3 | . . 9 14 14 Peak Build Rating 13 | 6 7 13 10 10 Average Rating 6 | 3 5 9 10 10 On Entrance 6 | . 3 7 10 10 Naked Turns . | . . . . . Heaviest Build 9 | 3 8 9 8 8 Greatest Support 9 | 3 9 9 9 9 Greatest Overweight (x) . | . . . . . Average Overweight (x) . | . . . . . Largest Inventory Capacity 5 | 5 5 5 5 5 Average Capacity 5 | 5 5 5 5 5 Most Carried 5 | 4 5 5 5 5 Average Carried 4 | 1 4 4 5 5 Final Capacity 5 | 5 5 5 5 5 Final Carried 5 | 4 5 5 5 5 Class Distribution -------------------- 100% | Mutant Dominant Class ---------------- Mutant | -10/Materials Mutant | -10/Mines Mutant | -10/Exiles Mutant | -9/Mines Resources | -11 -10 -10 -10 -9 ----------- Run | Yrd Mat Min Exi Min Matter Collected 725 | 209 354 152 . 10 Remotely . | . . . . . Salvage Created 608 | 65 447 96 . . Parts 69 | 10 45 14 . . Haulers Intercepted 2 | . 2 . . . Recyclers Shooed 1 | 1 . . . . Parts Field Recycled . | . . . . . Retrieved Matter . | . . . . . Parts Self-Destructed . | . . . . . Prevented . | . . . . . Kills | -11 -10 -10 -10 -9 ------- Run | Yrd Mat Min Exi Min Combat Hostiles Destroyed 22 | . 13 9 . . Melee 3 | . . 3 . . Guns 7 | . 7 . . . AOE 12 | . 6 6 . . Classes Destroyed 7 | 1 6 . . . Worker 3 | . 3 . . . Tunneler 3 | 3 . . . . Hauler 2 | . 2 . . . Operator 3 | . 3 . . . Watcher 2 | . 2 . . . Swarmer 18 | . 9 9 . . Grunt 4 | . 4 . . . Best Kill Streak 13 | 2 13 6 . . Combat Bots Only 6 | . 6 6 . . Max Kills in Single Turn 3 | 1 3 3 . . Gunslinging . | . . . . . Exploded 3 | . 2 3 . . Melee 1 | . . 1 . . Uniques/NPCs Destroyed . | . . . . . Combat | -11 -10 -10 -10 -9 -------- Run | Yrd Mat Min Exi Min Hostile Shots Fired 67 | . 34 16 . 17 Missed 19 | . 10 3 . 6 Damage Taken 674 | . 262 148 . 264 Core 252 | . 83 35 . 134 Absorbed by Shields . | . . . . . Redirected to Shielding 36 | . 35 1 . . Regen/Repaired (Parts) 2 | . 2 . . . Core Remaining (%) 100 | 100 . . . . Volleys Fired 72 | 6 62 4 . . Largest 2 | 2 2 1 . . Hottest 60 | 60 60 30 . . Shots Fired 101 | 12 85 4 . . Gun 91 | 12 78 1 . . Cannon . | . . . . . Launcher 10 | . 7 3 . . Special . | . . . . . Kinetic 64 | 6 57 1 . . Thermal 8 | 6 2 . . . Explosive 10 | . 7 3 . . Electromagnetic 19 | . 19 . . . Robot Hit Streak 7 | 4 7 2 . . Robot Miss Streak 4 | 1 4 . . . Penetration Max . | . . . . . Secondary Targets . | . . . . . Shots Hit Robots 60 | 7 46 6 . 1 Core Hits 45 | 4 33 8 . . Critical Kills . | . . . . . Critical Parts Destroyed . | . . . . . Critical Strikes 1 | . . . . 1 Sever 1 | . . . . 1 Melee Attacks 8 | . . 5 . 3 Impact . | . . . . . Slashing 8 | . . 5 . 3 Piercing . | . . . . . Sneak Attacks . | . . . . . Combat Hostiles . | . . . . . Follow-up Attacks . | . . . . . Damage Inflicted 1477 | 73 912 454 . 38 Guns 620 | 73 535 12 . . Cannons . | . . . . . Explosions 673 | . 377 296 . . Melee 184 | . . 146 . 38 Ramming . | . . . . . Kinetic 375 | 29 334 12 . . Thermal 65 | 44 21 . . . Explosive 673 | . 377 296 . . Electromagnetic 180 | . 180 . . . Impact . | . . . . . Slashing 184 | . . 146 . 38 Piercing . | . . . . . Highest Corruption . | . . . . . Average Corruption . | . . . . . Corruption Purged . | . . . . . Corruption Blocked . | . . . . . Overload Shots . | . . . . . Overflow Damage 40 | . 30 10 . . Projectiles . | . . . . . Explosions 40 | . 30 10 . . Melee . | . . . . . Knockbacks . | . . . . . Impact . | . . . . . Kinetic . | . . . . . Secondary . | . . . . . Self-Inflicted Damage 53 | . 15 38 . . Shots 3 | . 1 2 . . Rammed . | . . . . . Targets Rammed . | . . . . . Kicked . | . . . . . Crushed . | . . . . . Highest Temperature 82 | 20 82 . . . Average Temperature 24 | 9 27 . . . Received Heat Transfer 66 | . 66 . . . Siege Activations . | . . . . . Robots Corrupted . | . . . . . Combat Hostiles . | . . . . . Parts Fried . | . . . . . Impact Corruptions . | . . . . . Robots Melted . | . . . . . Combat Hostiles . | . . . . . Parts Melted . | . . . . . Heat Transferred 150 | 100 50 . . . Parts Sabotaged . | . . . . . Parts Stolen . | . . . . . Parts Stripped . | . . . . . Power Chain Reactions . | . . . . . Alert | -11 -10 -10 -10 -9 ------- Run | Yrd Mat Min Exi Min Peak Influence 427 | 15 427 259 . 15 Initial 24 | . 9 24 . . Average 158 | 5 184 126 . 10 Maximum Alert Level 2 | . 2 1 . . Low Security (%) 59 | 100 52 65 . 100 Level 1 33 | . 38 34 . . Level 2 6 | . 8 . . . Level 3 . | . . . . . Level 4 . | . . . . . Level 5 . | . . . . . High Security . | . . . . . Max Security . | . . . . . Squads Dispatched 5 | . 5 . . . Investigation 2 | . 2 . . . Extermination . | . . . . . Reinforcement 3 | . 3 . . . Assault . | . . . . . Garrison . | . . . . . Intercept . | . . . . . Searches Triggered . | . . . . . Construction Impeded . | . . . . . Haulers Reinforced . | . . . . . Active Scanning Responses . | . . . . . Cargo Convoy Interrupts . | . . . . . Stealth | -11 -10 -10 -10 -9 --------- Run | Yrd Mat Min Exi Min Distress Signals . | . . . . . Communications Jammed . | . . . . . Distress Signals . | . . . . . Times Spotted 40 | . 23 9 . 8 Peak Tracking Total 19 | . 4 3 . 19 Tactical Retreats 2 | . . . . 2 Traps | -11 -10 -10 -10 -9 ------- Run | Yrd Mat Min Exi Min Traps Triggered 2 | . 2 . . . Indirectly . | . . . . . Trap Hack Attempts . | . . . . . Triggered . | . . . . . Disarmed 3 | . 3 . . . Reprogrammed . | . . . . . Reused . | . . . . . Traps Extracted . | . . . . . Installed . | . . . . . Triggered . | . . . . . Machines | -11 -10 -10 -10 -9 ---------- Run | Yrd Mat Min Exi Min Machines Disabled . | . . . . . Max in Single Turn . | . . . . . Machines Repaired . | . . . . . Machines Dismantled . | . . . . . Machines Sabotaged . | . . . . . Overloaded Fab Kills . | . . . . . Hacking | -11 -10 -10 -10 -9 --------- Run | Yrd Mat Min Exi Min Machines Accessed 9 | . 6 1 2 . Terminals 5 | . 5 . . . Fabricators . | . . . . . Repair Stations 1 | . 1 . . . Recycling Units . | . . . . . Scanalyzers . | . . . . . Garrison Access . | . . . . . Total Hacks 28 | . 25 1 2 . Successful 19 | . 16 1 2 . Failed 9 | . 9 . . . Catastrophic 1 | . 1 . . . Database Lockouts . | . . . . . Manual 16 | . 15 . 1 . Terminals 21 | . 21 . . . Fabricators . | . . . . . Repair Stations 4 | . 4 . . . Recycling Units . | . . . . . Scanalyzers . | . . . . . Garrison Access . | . . . . . Terminal Hacks 9 | . 6 1 2 . Record 1 | . . . 1 . Prototype ID Bank 1 | . 1 . . . Open Door 1 | . . 1 . . Locate Traps 1 | . 1 . . . Disarm Traps 1 | . 1 . . . Hauler Manifests 1 | . 1 . . . Zone Layout 2 | . 2 . . . Derelict Proto ID Bank 1 | . . . 1 . Fabricator Hacks . | . . . . . Repair Station Hacks 2 | . 2 . . . Scan Component 1 | . 1 . . . Repair 1 | . 1 . . . Recycling Unit Hacks . | . . . . . Scanalyzer . | . . . . . Garrison Access Hacks . | . . . . . Unauthorized Hacks 8 | . 8 . . . Terminals 7 | . 7 . . . Botnet 2 | . 2 . . . Skim 5 | . 5 . . . Fabricators . | . . . . . Repair Stations 1 | . 1 . . . Mechanics 1 | . 1 . . . Recycling Units . | . . . . . Scanalyzers . | . . . . . Garrison Access . | . . . . . Data Cores Recovered . | . . . . . Used . | . . . . . Hacking Detections 6 | . 6 . . . Full Trace Events 1 | . 1 . . . Feedback Events . | . . . . . Feedback Blocked . | . . . . . Robot Schematics Acquired . | . . . . . Robots Built . | . . . . . Authchips . | . . . . . Time . | . . . . . Total Robot Build Rating . | . . . . . Part Schematics Acquired . | . . . . . Parts Built . | . . . . . Authchips . | . . . . . Time . | . . . . . Total Part Build Rating . | . . . . . Parts Repaired 1 | . 1 . . . Time 53 | . 53 . . . Parts Recycled . | . . . . . Recycled Matter . | . . . . . Retrieved Matter . | . . . . . Retrieved Components . | . . . . . Parts Scanalyzed . | . . . . . Part Schematics Acquired . | . . . . . Parts Damaged . | . . . . . Bothacking | -11 -10 -10 -10 -9 ------------ Run | Yrd Mat Min Exi Min Used RIF Installer . | . . . . . Robots Hacked . | . . . . . Non-combat . | . . . . . Combat . | . . . . . Robot Hacks Applied . | . . . . . Relay Couplers Released . | . . . . . Fabnet Peak Effective % . | . . . . . Robots Rewired . | . . . . . Allies Hacked . | . . . . . Hacks Repelled . | . . . . . Allies | -11 -10 -10 -10 -9 -------- Run | Yrd Mat Min Exi Min Total Allies . | . . . . . Largest Group . | . . . . . Highest-Rated Group . | . . . . . Highest-Rated Ally . | . . . . . Total Orders . | . . . . . Ally Attacks . | . . . . . Total Damage . | . . . . . Kills . | . . . . . Allies Corrupted . | . . . . . Allies Melted . | . . . . . Intel | -11 -10 -10 -10 -9 ------- Run | Yrd Mat Min Exi Min Robot Analysis Total . | . . . . . Derelict Logs Recovered 2 | . . 1 . 1 Drone Launches . | . . . . . Drone Recoveries . | . . . . . Exploration | -11 -10 -10 -10 -9 ------------- Run | Yrd Mat Min Exi Min Turns Passed 2140 | 65 1534 291 108 142 Spaces Moved 1824 | 46 787 506 215 270 Core 1824 | 46 787 506 215 270 Treads . | . . . . . Legs . | . . . . . Wheels . | . . . . . Hover . | . . . . . Flight . | . . . . . Fastest Speed 50 | 50 50 50 50 50 Average Speed 50 | 50 50 50 50 50 Slowest Speed 50 | 50 50 50 50 50 Overloaded Moves . | . . . . . Propulsion Burnouts . | . . . . . Robots Hopped . | . . . . . Cave-ins Triggered . | . . . . . Exploration Rate (%) 65 | 4 97 94 60 71 Regions Visited 4 Branch Regions 3 Pre-discovered Areas 4 | . 1 . 1 2 Known Exits Taken 1 | . . . 1 . Unknown Exits Taken 3 | 1 1 1 . . Scrap Searched 2 | . . 1 . 1 Spaces Dug . | . . . . . Terrain Destroyed 60 | . 38 22 . . Melee . | . . . . . Projectile . | . . . . . AOE 60 | . 38 22 . . Terrain Rammed . | . . . . . Walls Destroyed . | . . . . . Machines Disabled . | . . . . . Actions | -11 -10 -10 -10 -9 --------- Run | Yrd Mat Min Exi Min Total 2943 | 75 1848 532 214 274 Wait 981 | 16 965 . . . Move 1820 | 45 786 505 214 270 Hop . | . . . . . Pick Up 13 | 3 9 1 . . Fast Attach 9 | 4 1 4 . . Attach 1 | . 1 . . . Detach 2 | 1 . 1 . . Swap 22 | . 14 7 . 1 Drop 15 | . 10 5 . . Fire 72 | 6 62 4 . . Melee 8 | . . 5 . 3 Ram . | . . . . . Kick . | . . . . . Crush . | . . . . . Escape Stasis . | . . . . . Rewire . | . . . . . Trap . | . . . . . Miscellaneous . | . . . . . Route ------- -11/Scrapyard -10/Materials (discovered 4 exits: [*Mat x3] / *Min) -10/Mines (discovered 3 exits: [*Mat x2] / *Exi) -10/Exiles (discovered 2 exits: *Min x2) -9/Mines (discovered 1 exit: [*Mat]) History --------- Turn | Location | Event 6 | -11/Scrapyard | Discovered new exit (range 16) 66 | -11/Scrapyard | Entered Materials 194 | -10/Materials | Discovered new exit (range 11) 254 | -10/Materials | Discovered new exit (range 12) 308 | -10/Materials | Build established: Mutant 770 | -10/Materials | Discovered new exit (range 15) 895 | -10/Materials | Discovered new exit (range 8) 919 | -10/Materials | Learned location of Subcaves (-10) 1023 | -10/Materials | Repaired Corrupted Hacking Suite? 1600 | -10/Materials | Entered Mines 1615 | -10/Mines | Found the Drone Emporium 1621 | -10/Mines | Found Prototype Device 1621 | -10/Mines | Identified Splice Drone Bay 1635 | -10/Mines | Met a Derelict bent on vengeance 1680 | -10/Mines | A weapon hastily lodged in a ceiling crevice suddenly fell to the ground 1754 | -10/Mines | Discovered new exit (range 12) 1786 | -10/Mines | Discovered new exit (range 8) 1889 | -10/Mines | Deemed a non-threat by the Exiles lab entrance 1889 | -10/Mines | Discovered new exit (range 5) 1891 | -10/Mines | Entered Exiles 1892 | -10/Exiles | Identified exit to Mines 1904 | -10/Exiles | Met 8R-AWN 1912 | -10/Exiles | Met EX-HEX 1928 | -10/Exiles | Met EX-BIN 1934 | -10/Exiles | Aligned with FarCom system 1935 | -10/Exiles | Given EX-Vault access code 1946 | -10/Exiles | Opened EX-Vault 1958 | -10/Exiles | Warned to stay clear of 0b10 Research branches 1974 | -10/Exiles | Met EX-DEC 1977 | -10/Exiles | Learned location of Zion (-6) 1999 | -10/Exiles | Entered Mines 2000 | -9/Mines | Assembled infested the area 2005 | -9/Mines | Assisted by a Guerilla fighting off Assembled 2047 | -9/Mines | Core integrity fell below 50% 2132 | -9/Mines | Discovered new exit (range 9) 2133 | -9/Mines | Learned location of Storage (-7) 2140 | -9/Mines | Core integrity fell below 20% 2141 | -9/Mines | Destroyed by YI-UF0 with YI-UF0's Doublenader Last Messages --------------- 02030_ Acquired 10 matter. 02071_ T-07 Excavator destroyed. 02132_ EXIT=FOUND 02133_ A derelict emerges from the shadows: "Are any of them following you? I'm here trying to lose some heat after our second raid on Storage failed. Whatever you do stay away from that place, they've tightened security following our previous successful raids." World map updated: -7/Storage. 02134_ The unstable cave ceiling collapses. 02136_ K-01 Serf collects debris. 02137_ The unstable cave ceiling collapses. 02137_ YI-UF0: "KABOOM!" 02137_ K-01 Serf destroyed. 02138_ YI-UF0 mumbles something. 02139_ K-01 Serf destroyed. 02140_ The unstable cave ceiling collapses. 02140_ YI-UF0 Carbon-fiber Leg severed. 02141_ Assault Rifle destroyed. Map ----- +----------------------------------------------------+ | ???????????????? #????????????????????? | | ???????????????? #?????????????????????? | | ??????????????? ??????????????????????? | | ??????????????? ??????????????????????? | | ???????????????? ??????????????????????? | | ???????????????????????????????????????? | | ???????????????????????????????????????? | | ???????????????????????????????????????? | | ???????????????????????????????????????? | | ???????????????????????????????????????? | | ???????????????? ???????????????###????? | | ???????????????? ?? ???????????? #????? | | ???????????????? ?? ?????????# #????? | | ???????????????? ##???????# #????? | | ??????????????## = ???????## #????? | | ?????????????? ??????## ##???? | | ?????????????? ???????# ##??? | | ?????????????? % ????????# #### | | ?????????????# #! ##???????# ## | | ????????????? # = #??????## | | ?????????????# # #???##### "" | | ???????###### #??## "" | | ??###### # # !% #???# "" | | ??# ##??# "" | | ??#